 Dungeon Crawl Stone Soup version 0.22-a0-247-gbddf880 (webtiles) character file.

79364 Serpenta the Peltast (level 15, -15/89 HPs)
             Began as an Octopode Ice Elementalist on Feb 26, 2018.
             Was a High Priest of Dithmenos.
             Demolished by a death yak (24 damage)
             ... on level 6 of the Lair of Beasts.
             The game lasted 01:53:17 (41340 turns).

Serpenta the Peltast (Octopode Ice Elementalist)   Turns: 41340, Time: 01:53:18

Health: -15/89     AC:  7    Str: 17    XL:     15   Next: 63%
Magic:  24/24      EV: 23    Int: 17    God:    Dithmenos [*****.]
Gold:   876        SH: 15    Dex: 17    Spells: 10/26 levels left

rFire    + + .     SeeInvis .   a - +2 rapier (elec)
rCold    + . .     Gourm    +   b - +1 shield {rF+}
rNeg     . . .     Faith    .   (helmet restricted)
rPois    +         Spirit   .   t - amulet "Giatuocli" {Gourm rPois Str+2}
rElec    .         Reflect  .   h - ring of poison resistance
rCorr    .         Harm     .   C - ring of protection from cold
MR       +....                  E - +5 ring of strength
Stlth    +++++++++.             (no ring)
HPRegen  0.24/turn              (no ring)
MPRegen  0.19/turn              (no ring)
                                (no ring)
                                (no ring)

@: icy armour (expiring), wreathed by umbra, slow
A: almost no armour, stealthy swim, amphibious, 8 rings, constrict 8, camouflage
1, fire resistance 1, frail 1, sense surroundings 1, gelatinous body 1, subdued
magic 1
a: Shadow Step, Shadow Form, Renounce Religion


You were on level 6 of the Lair of Beasts.
You worshipped Dithmenos.
Dithmenos was extremely pleased with you.
You were very full.

You visited 4 branches of the dungeon, and saw 24 of its levels.
You also visited: Volcano.

You collected 2244 gold pieces.
You spent 1368 gold pieces at shops.


Innate Abilities, Weirdness & Mutations

You cannot wear most types of armour.
You are very stealthy in the water. (Stealth+)
You are amphibious.
You can wear up to eight rings at the same time.
You can use your tentacles to constrict eight enemies at once.
Your skin changes colour to match your surroundings (Stealth+).
Your rubbery body absorbs attacks. (AC +1, EV +1)
Your flesh is heat resistant. (rF+)
You are frail. (-10% HP)
You passively map a small area around you.
Your spells are a little easier to cast, but a little less powerful.


   Skills:
 - Level 8.0 Fighting
 - Level 10.0 Short Blades
 + Level 12.9 Dodging
 - Level 11.9 Stealth
 - Level 15.0 Shields
 - Level 6.0 Spellcasting
 - Level 7.1 Conjurations
 - Level 7.0 Ice Magic


You had 10 spell levels left.
You knew the following spells:

 Your Spells              Type           Power        Failure   Level  Hunger
b - Blink                 Tloc           N/A          16%         2    None
o - Ozocubu's Armour      Chrm/Ice       ##......     7%          3    ##.....
A - Freeze                Ice            ###.         1%          1    None
B - Throw Frost           Conj/Ice       ###...       1%          2    None
C - Throw Icicle          Conj/Ice       ###.....     5%          4    ####...
D - Summon Ice Beast      Ice/Summ       ##......     26%         4    ####...

Action                   |  1- 3 |  4- 6 |  7- 9 | 10-12 | 13-15 || total
-------------------------+-------+-------+-------+-------+-------++-------
Melee: Unarmed           |     9 |       |       |       |       ||     9
       Constrict         |    13 |     9 |    26 |    59 |   108 ||   215
       Tentacles         |     6 |     6 |    19 |   169 |   334 ||   534
       Short sword       |    34 |    33 |     9 |       |       ||    76
       Rapier            |       |       |    25 |   323 |  1328 ||  1676
       Dagger            |       |       |    62 |   390 |       ||   452
Throw: Javelin           |     2 |       |    19 |     6 |    10 ||    37
       Tomahawk          |       |       |       |       |     8 ||     8
 Cast: Freeze            |    34 |    54 |   122 |   136 |     1 ||   347
       Throw Frost       |     1 |     2 |    38 |    52 |    58 ||   151
       Ozocubu's Armour  |       |     1 |    19 |    43 |    68 ||   131
       Throw Icicle      |       |       |       |    17 |    19 ||    36
       Summon Ice Beast  |       |       |       |     3 |     5 ||     8
       Blink             |       |       |       |       |     1 ||     1
Invok: Shadow Step       |       |       |       |     3 |     7 ||    10
Evoke: Wand              |       |       |     3 |    32 |    15 ||    50
  Use: Scroll            |       |     3 |     5 |    26 |     5 ||    39
       Potion            |       |       |     4 |    11 |    11 ||    26
 Stab: Sleeping          |     8 |     7 |     7 |    22 |    50 ||    94
       Paralysed         |       |       |       |    12 |     3 ||    15
       Distracted        |       |       |       |     2 |     4 ||     6
  Eat: Chunk             |     4 |     6 |    15 |    17 |    39 ||    81
       Ration            |       |     1 |     2 |    12 |     8 ||    23
Armor: Skin              |     4 |     3 |    48 |    71 |    39 ||   165
Dodge: Dodged            |    37 |    33 |   114 |   473 |   532 ||  1189
Block: Shield            |       |       |       |    72 |   584 ||   656

Inventory:

Hand Weapons
 a - a +2 rapier of electrocution (weapon)
Missiles
 k - 34 tomahawks
 y - 9 throwing nets
 B - 2 javelins (quivered)
Armour
 b - a +1 shield of fire resistance (worn)
Jewellery
 h - a ring of poison resistance (left tentacle)
 t - the amulet "Giatuocli" (around mantle) {Gourm rPois Str+2}
   (You bought it in a shop on level 2 of the Orcish Mines)

   [amulet of the gourmand]

   It allows you to eat raw meat even when not hungry.
   It affects your strength (+2).
   It protects you from poison.
 C - a ring of protection from cold (right tentacle)
 E - a +5 ring of strength (on tentacle)
Wands
 q - a wand of disintegration (26)
 u - a wand of polymorph (30)
 w - a wand of digging (59)
 D - a wand of iceblast (6)
Scrolls
 d - a scroll of holy word {unknown}
 g - 4 scrolls of enchant armour
 i - a scroll of amnesia
 j - a scroll of vulnerability {unknown}
 p - 4 scrolls of fog
 z - 4 scrolls of teleportation
 A - 4 scrolls of remove curse
 G - a scroll of fear
Potions
 c - 10 potions of curing
 e - 3 potions of flight
 l - a potion of resistance
 m - a potion of might {unknown}
 n - a potion of agility
 o - 3 potions of magic
 r - a potion of heal wounds
 s - a potion of haste
 v - a potion of cancellation
 x - a potion of ambrosia
 F - 2 potions of lignification
Comestibles
 f - 17 rations

#### #................W#..
#.....##..#..#.......
#..#########.....###. ##..#
####..##..# ##...#
#.....P..## #....#
###....P..#. ###..#
####.....P....8
#.Y###............#.
#.#@..............#.
######.##...#.P#....P...#
##.##...##...####.....†##.
#...........###...........
##...................#.....
#.....#P#..................
##.#.####..P........####...
##...## #...........# ###.
#.#.## ####.###....# ##


You could see a death yak.

Vanquished Creatures
  An orc warlord (Orc:2)
  A stone giant (Orc:2)
  A red draconian (Volcano)
  Harold (Lair:3)
  2 hydras
  8 centaur warriors
  Erica (D:9)
  12 two-headed ogres
  2 ogre magi (Orc:2)
  8 death yaks (Lair:6)
  Urug (Lair:3)
  3 skeletal warriors (D:13)
  2 deep trolls (Orc:2)
  Pikel (D:4)
  An orc knight (Orc:1)
  2 wolf spider zombies (D:15)
  An orc sorcerer (Orc:2)
  2 deep elf magi
  4 ugly things
  A wolf spider (D:13)
  2 manticores
  3 cyclopes
  Maurice (D:8)
  The ghost of no0bjke the Cleaver, a novice GrFi of Okawaru (D:6)
  11 elephants
  4 black mambas
  2 molten gargoyles (Volcano)
  Joseph (D:8)
  An efreet (D:14)
  The ghost of Anon1729 the Covert, a novice SpEE (D:15)
  6 spiny frogs
  2 yaktaurs (Volcano)
  3 rime drakes
  2 komodo dragons
  A tengu conjurer (D:13)
  A hornet (D:14)
  15 trolls
  Grinder (D:4)
  A harpy skeleton (D:15)
  6 blink frogs (Lair:6)
  A meliai zombie (D:12)
  13 hippogriffs
  Sigmund (D:2)
  2 shadows
  2 wraiths
  A vampire (D:11)
  58 yaks
  A wyvern (D:12)
  4 basilisks
  4 fire bats (Volcano)
  4 wargs
  4 vampire mosquitoes (D:15)
  10 water moccasins
  The ghost of Azzok the Digger, an amateur GrEE (D:3)
  6 porcupines
  A sky beast (D:6)
  2 ice beasts
  15 orc warriors
  A black bear (D:13)
  2 slaves (D:4)
  34 ogres
  17 wolves
  5 centaurs
  14 crocodiles
  9 big kobolds
  17 bullfrogs
  Blork the orc (D:4)
  3 gnoll sergeants (D:12)
  A wyvern zombie (D:12)
  5 scorpions
  5 killer bees
  3 wights (D:13)
  6 howler monkeys
  2 electric eels (D:8)
  6 lava snakes (Volcano)
  5 crimson imps
  2 centaur zombies
  A quasit (D:7)
  A bullfrog zombie (D:7)
  A gnoll shaman (D:6)
  14 hounds
  5 jellies
  13 orc priests
  7 centaur skeletons
  5 iguanas
  7 hell rats (Lair:4)
  Terence (D:2)
  Natasha (thrice) (D:2)
  19 orc wizards
  4 worker ants
  A hound skeleton (D:5)
  A howler monkey zombie (D:6)
  Robin (D:2)
  19 gnolls
  A worker ant zombie (D:8)
  9 adders
  A shadow imp (D:14)
  An ooze (D:1)
  3 adder skeletons
  An adder zombie (D:7)
  5 leopard geckos
  60 orcs
  2 ball pythons
  3 giant cockroaches
  9 hobgoblins
  12 jackals
  17 kobolds
  5 quokkas
  A ball python zombie (D:5)
  3 bats
  11 frilled lizards
  12 goblins
  A jackal skeleton (D:7)
  A leopard gecko skeleton (D:6)
  A leopard gecko zombie (D:6)
  A quokka zombie (D:6)
  5 rats
656 creatures vanquished.

Vanquished Creatures (collateral kills)
  2 trolls (Orc:2)
  An ogre (Orc:2)
  4 orcs (Orc:2)
7 creatures vanquished.

Vanquished Creatures (others)
  An adder (D:8)
  16 fungi
  43 plants
  2 withered plants (D:15)
62 creatures vanquished.

Grand Total: 725 creatures vanquished

Vault maps used:
D:1:      dpeg_arrival_water_temple_mockup, minmay_lizard_king
D:2:      chequers_ecumenical_altar_grove, first_ration, uniq_natasha,
          uniq_robin, uniq_sigmund, uniq_terence
D:4:      kennysheep_mini, minmay_temple_entry_statues_pillars,
          uniq_blork_the_orc, uniq_grinder, uniq_pikel
D:5:      nicolae_ashenzari_panopticon, kennysheep_generic_room_4
D:7:      minitemple, minmay_misc_feat_five
D:8:      erik_lair_island, uniq_erica, uniq_joseph, uniq_maurice
D:9:      lemuel_crystal_altar, basic_altar, serial_shops, nicolae_shop_stone
D:10:     minmay_bloctagon, basic_altar, uniq_josephine
D:11:     gammafunk_the_bubble, serial_shops, kennysheep_little_box,
          hangedman_decor_growths, uniq_psyche
D:12:     minmay_shrinking_squares, kennysheep_orc_monster_closet_entryway,
          serial_shops, nicolae_shop_crystal, grunt_ogre_cave
D:13:     hangedman_feature_mirror
D:14:     grunt_vaults_entry_tiered
D:15:     hangedman_depths_entry_civil_slaughter, yredelemnul_altar_generic,
          uniq_roxanne
Temple:   regret_index_temple_sphere_string
Lair:1:   hibernation_bobbens, grunt_megastairs_3, lemuel_fruit_tree
Lair:2:   minmay_shoals_entry_beasts, serial_forest,
          infiniplex_forest_lined_corner, infiniplex_forest_diagonal,
          infiniplex_forest_lined_room_2, infiniplex_forest_clump_curved,
          infiniplex_forest_clump_small, infiniplex_forest_clump_small,
          infiniplex_forest_lined_2, infiniplex_forest_straight_3, ldierk_geyser
Lair:3:   spider_nest_entry_webs, lemuel_fruit_fields,
          infiniplex_staircase_pool_2, uniq_urug, uniq_harold
Lair:6:   guppyfry_lair_end_dragon, hangedman_lair_caniforms_friends,
          slime_altar_1, lemuel_fruit_fields, grunt_megastairs_1
Orc:1:    serial_shops, nicolae_shop_trees, basic_altar,
          nicolae_volcano_entry_lava_flow
Orc:2:    st_orc_open, serial_shops, shop, nicolae_shop_stone, shop
Volcano:  volcano_grotto


Message History

The death yak completely misses you.
You hit the death yak but do no damage. You squeeze the death yak.
The death yak is severely wounded.
Your shadow hits the death yak but does no damage.
You block the death yak's attack.
You hit the death yak.
The death yak is severely wounded.
You hit the death yak.
The death yak is almost dead.
The death yak completely misses you.
You barely miss the death yak.
The death yak is almost dead.
The death yak gores you!
* * * LOW HITPOINT WARNING * * *
You hit the death yak but do no damage.
Lightning courses through the death yak!
The death yak is almost dead.
Your shadow barely misses the death yak.
The death yak gores you!!
You die...

Notes
Turn   | Place    | Note
-------+----------+-------------------------------------------
     0 | D:1      | Serpenta the Octopode Ice Elementalist began the quest for the Orb.
     0 | D:1      | Reached XP level 1. HP: 11/11 MP: 3/3
   128 | D:1      | Reached XP level 2. HP: 5/17 MP: 0/5
   185 | D:1      | Learned a level 2 spell: Throw Frost
   781 | D:1      | Reached XP level 3. HP: 21/21 MP: 6/6
  1977 | D:2      | Noticed Terence
  2065 | D:2      | Reached XP level 4. HP: 27/27 MP: 7/7
  2072 | D:2      | Learned a level 3 spell: Ozocubu's Armour
  2094 | D:2      | Noticed Robin
  2113 | D:2      | Reached skill level 5 in Ice Magic
  2204 | D:2      | Found a faded altar of an unknown god.
  2228 | D:2      | Noticed Sigmund
  2232 | D:2      | Killed Sigmund
  2232 | D:2      | Reached XP level 5. HP: 31/31 MP: 3/8
  2232 | D:2      | Reached XP level 6. HP: 36/36 MP: 3/9
  2291 | D:2      | Killed Robin
  2397 | D:2      | Noticed Natasha
  2403 | D:2      | Killed Natasha
  2587 | D:2      | Noticed Natasha
  2638 | D:2      | Killed Natasha
  2842 | D:3      | Noticed Azzok's ghost (amateur GrEE)
  2851 | D:3      | Reached skill level 1 in Fighting
  3726 | D:2      | Noticed Natasha
  3730 | D:2      | Killed Natasha
  3853 | D:4      | Found a staircase to the Ecumenical Temple.
  3862 | Temple   | Entered the Ecumenical Temple
  4041 | Temple   | Became a worshipper of Dithmenos the Shadowed
  4074 | D:4      | Noticed Grinder
  4136 | D:4      | Reached XP level 7. HP: 43/45 MP: 10/10
  4191 | D:4      | Noticed Pikel
  4289 | D:4      | Noticed Blork the orc
  4302 | D:4      | Killed Blork the orc
  4791 | D:5      | Entered Level 5 of the Dungeon
  5215 | D:5      | Reached skill level 5 in Fighting
  5736 | D:5      | Found a shattered altar of Ashenzari.
  6001 | D:5      | Reached XP level 8. HP: 57/57 MP: 4/11
  6481 | D:6      | Noticed no0bjke's ghost (novice GrFi)
  6604 | D:2      | Killed Terence
  6641 | D:2      | Reached * piety under Dithmenos
  8222 | D:7      | Reached XP level 9. HP: 66/66 MP: 0/12
  8378 | D:7      | Reached skill level 5 in Short Blades
  9180 | D:7      | You fall through a shaft for 3 floors!
  9180 | D:10     | Entered Level 10 of the Dungeon
  9292 | D:10     | Noticed a skeletal warrior
  9292 | D:10     | Noticed Josephine
  9292 | D:10     | Noticed a centaur warrior
  9306 | D:11     | Noticed a two-headed ogre
  9329 | D:11     | Killed a two-headed ogre
  9502 | D:11     | Noticed a troll
  9523 | D:11     | Learned a level 4 spell: Throw Icicle
  9575 | D:11     | Found a transporter.
  9581 | D:11     | Noticed a red ugly thing
  9649 | D:10     | Killed a centaur warrior
  9649 | D:10     | Reached XP level 10. HP: 64/72 MP: 0/13
  9662 | D:10     | Gained mutation: Your flesh is heat resistant. (rF+) [potion of mutation]
  9662 | D:10     | Gained mutation: You are frail. (-10% HP) [potion of mutation]
  9662 | D:10     | Gained mutation: Your spells are a little easier to cast, but a little less powerful. [potion of mutation]
  9662 | D:10     | Gained mutation: You passively map a small area around you. [potion of mutation]
  9771 | D:9      | Found a sparkling altar of Nemelex Xobeh.
  9896 | D:8      | Noticed Azzok's ghost (novice GrBe)
 10457 | D:8      | Reached ** piety under Dithmenos
 10537 | D:8      | Noticed Erica
 10759 | D:7      | Reached skill level 10 in Short Blades
 10791 | D:7      | Found a shimmering altar of Xom.
 10792 | D:7      | Found a radiant altar of Vehumet.
 10793 | D:7      | Found an iron altar of Okawaru.
 11497 | D:4      | Found a burning altar of Makhleb.
 11504 | D:4      | Killed Grinder
 11917 | D:8      | Noticed Maurice
 11926 | D:8      | Killed Maurice
 12032 | D:8      | Learned a level 2 spell: Blink
 12179 | D:8      | Noticed Joseph
 12273 | D:9      | Killed Erica
 12581 | D:9      | Found a glowing golden altar of the Shining One.
 12701 | D:9      | Found Meth's Food Emporium.
 13002 | D:8      | Found a staircase to the Lair.
 13017 | Lair:1   | Entered Level 1 of the Lair of Beasts
 13017 | Lair:1   | Noticed a spiny frog
 13020 | Lair:1   | Killed a spiny frog
 13020 | Lair:1   | Reached skill level 5 in Spellcasting
 13020 | Lair:1   | Reached skill level 5 in Conjurations
 13079 | Lair:1   | Reached XP level 11. HP: 51/69 MP: 19/19
 14330 | Lair:1   | Noticed an eight-headed hydra
 15408 | Lair:2   | Found a staircase to the Shoals.
 15409 | Lair:2   | Noticed a manticore
 16105 | Lair:2   | Reached skill level 5 in Dodging
 16542 | Lair:3   | Noticed Urug
 16819 | D:8      | Reached *** piety under Dithmenos
 18552 | D:11     | Noticed Psyche
 18597 | D:10     | Noticed a centaur warrior
 18708 | D:10     | Killed a centaur warrior
 19250 | D:11     | Noticed a two-headed ogre
 19258 | D:11     | Killed a two-headed ogre
 19345 | D:11     | Reached XP level 12. HP: 73/73 MP: 13/21
 19584 | D:10     | Noticed a centaur warrior
 19613 | D:10     | Killed a centaur warrior
 19709 | D:10     | Noticed a centaur warrior
 20137 | D:8      | Killed Joseph
 20600 | Lair:4   | Reached skill level 5 in Stealth
 20869 | Lair:4   | Noticed a five-headed hydra
 21730 | Lair:5   | Noticed a five-headed hydra
 21818 | Lair:6   | Entered Level 6 of the Lair of Beasts
 21818 | Lair:6   | Noticed Gorglomux's ghost (journeyman MiEE)
 21982 | Lair:3   | Reached skill level 10 in Dodging
 22121 | Lair:3   | Noticed Harold
 22146 | Lair:3   | Noticed an eight-headed hydra
 22194 | Lair:1   | Identified a scroll of acquirement
 22525 | D:10     | Killed a centaur warrior
 22525 | D:10     | Reached skill level 2 in Shields
 22583 | D:11     | Noticed Psyche
 22583 | D:11     | Psyche changed into Psyche the rime drake
 22587 | D:11     | Killed Psyche the rime drake
 22587 | D:11     | Reached skill level 3 in Shields
 22834 | D:11     | Reached skill level 4 in Shields
 23632 | D:4      | Killed Pikel
 23632 | D:4      | Reached skill level 5 in Shields
 23908 | D:3      | Killed Azzok's ghost
 24713 | D:7      | Learned a level 4 spell: Summon Ice Beast
 25439 | D:11     | Reached skill level 6 in Shields
 25531 | D:11     | Found Toeck's Antique Armour Shoppe.
 25901 | D:11     | Noticed a two-headed ogre
 25906 | D:11     | Noticed a seven-headed hydra
 26200 | D:11     | Reached XP level 13. HP: 51/79 MP: 22/22
 26205 | D:11     | Reached skill level 7 in Shields
 27073 | D:12     | Reached skill level 8 in Shields
 27442 | D:12     | Found the +7 great mace "Firestarter" {inner flame, rF++}
 27490 | D:12     | Found Saomixom's Gadget Shop.
 27686 | D:12     | Reached skill level 9 in Shields
 27793 | D:12     | Found a staircase to the Orcish Mines.
 27829 | D:12     | Reached **** piety under Dithmenos
 28400 | D:13     | Reached skill level 10 in Shields
 29199 | D:13     | Found a shimmering altar of Xom.
 30081 | D:13     | Found a radiant altar of Vehumet.
 30500 | D:14     | Reached skill level 11 in Shields
 30672 | D:14     | first fucking ring. D14 after Lair6
 31299 | D:15     | Entered Level 15 of the Dungeon
 31302 | D:15     | Reached skill level 10 in Stealth
 31303 | D:15     | Noticed Roxanne
 31477 | D:15     | Noticed Anon1729's ghost (novice SpEE)
 31512 | D:15     | Reached XP level 14. HP: 68/84 MP: 19/23
 31601 | D:15     | Killed Anon1729's ghost
 31911 | Orc:1    | Entered Level 1 of the Orcish Mines
 31913 | Orc:1    | Found Oskeila's Distillery.
 31926 | Orc:1    | Found a dark tunnel.
 31935 | Volcano  | Entered a volcano
 32159 | Volcano  | Found a radiant altar of Vehumet.
 32436 | Volcano  | Noticed a red draconian
 32454 | Volcano  | Killed a red draconian
 32454 | Volcano  | Reached skill level 12 in Shields
 33103 | Orc:1    | Bought a potion of agility for 48 gold pieces
 33103 | Orc:1    | Bought a potion of heal wounds for 60 gold pieces
 33103 | Orc:1    | Bought a potion of heal wounds for 60 gold pieces
 33103 | Orc:1    | Bought a potion of curing for 36 gold pieces
 33103 | Orc:1    | Bought a potion of curing for 36 gold pieces
 33103 | Orc:1    | Bought 2 potions of curing for 72 gold pieces
 33153 | Orc:1    | Reached ***** piety under Dithmenos
 33762 | Orc:2    | Entered Level 2 of the Orcish Mines
 33762 | Orc:2    | Found Boellakecs's Jewellery Emporium.
 33762 | Orc:2    | Found Nogroxu's Antique Weapon Emporium.
 33768 | Orc:2    | really...
 33768 | Orc:2    | even jewelry shop has nothing good
 33772 | Orc:2    | Found Peghejest's Distillery.
 33783 | Orc:1    | Found a roughly hewn altar of Beogh.
 34136 | Orc:2    | Found a staircase to the Elven Halls.
 34306 | Orc:2    | Found Siguserr's Weapon Boutique.
 34306 | Orc:2    | Noticed a stone giant
 34308 | Orc:2    | Killed a stone giant
 34980 | Orc:2    | Reached skill level 13 in Shields
 35877 | Orc:2    | Noticed an orc warlord
 35906 | Orc:2    | Killed an orc warlord
 36754 | Orc:2    | Found Yfext's General Store.
 36914 | Orc:2    | Found Otisuiplas's Food Emporium.
 36920 | Orc:2    | Reached skill level 14 in Shields
 36931 | Orc:2    | Found Jaunoex's Jewellery Shoppe.
 36939 | Orc:2    | Bought the amulet "Giatuocli" {Gourm rPois Str+2} for 681 gold pieces
 36939 | Orc:2    | Bought an uncursed ring of protection from cold for 375 gold pieces
 37535 | D:6      | Killed no0bjke's ghost
 38163 | Lair:2   | Reached XP level 15. HP: 82/89 MP: 22/24
 38613 | Lair:3   | Killed Urug
 38898 | Lair:3   | Killed Harold
 40714 | Lair:6   | Found a viscous altar of Jiyva.
 40714 | Lair:6   | Found a staircase to the Slime Pits.
 41245 | Lair:6   | Reached skill level 15 in Shields
 41340 | Lair:6   | Demolished by a death yak
